 Dungeon Crawl Stone Soup version 0.21.1-1-g345015f (webtiles) character file.

623 inc the Covert (level 7, 30/30 HPs)
             Began as a Felid Enchanter on Mar 16, 2018.
             Was an Initiate of Dithmenos.
             Quit the game on level 7 of the Dungeon.
             The game lasted 00:13:49 (6128 turns).

inc the Covert (Felid Enchanter)                    Turns: 6128, Time: 00:13:50

Health: 30/30      AC:  4    Str:  4    XL:     7   Next: 22%
Magic:  12/12      EV: 20    Int: 18    God:    Dithmenos [......]
Gold:   178        SH:  0    Dex: 23    Spells: 6/12 levels left
                                        Lives:  1   Deaths: 1

rFire    . . .     SeeInvis +     - Unarmed
rCold    . . .     Gourm    .   (shield unavailable)
rNeg     . . .     Faith    .   (armour unavailable)
rPois    +         Spirit   .   (helmet unavailable)
rElec    +         Reflect  .   (cloak unavailable)
rCorr    .         Harm     .   (gloves unavailable)
MR       +....                  (boots unavailable)
Stlth    +++++.....             (no amulet)
HPRegen  0.10/turn              p - ring of poison resistance
MPRegen  0.13/turn              c - +4 ring of dexterity

@: quick
A: very small, no armour, no weapons or thrown items, stealth, antennae 1, claws
1, fangs 3, thin metallic scales 1, see invisible, agile 1, carnivore, speed 1,
shaggy fur 2, electricity resistance, slow metabolism 1, sharp paws
a: Renounce Religion


You were on level 7 of the Dungeon.
You worshipped Dithmenos.
Dithmenos was noncommittal.
You were not hungry.

You visited 2 branches of the dungeon, and saw 8 of its levels.

You collected 178 gold pieces.

Inventory:

Jewellery
 c - a +4 ring of dexterity (right paw)
 p - a ring of poison resistance (left paw)
 q - an uncursed ring of protection from fire
 s - an uncursed ring of ice
 v - an uncursed ring of resist corrosion
Scrolls
 d - 6 scrolls of remove curse
 e - 2 scrolls of amnesia {unknown}
 h - 4 scrolls of fear {unknown}
 i - a scroll of immolation {unknown}
 l - 4 scrolls of teleportation {unknown}
 m - 2 scrolls of enchant weapon {unknown}
 t - a scroll of random uselessness {unknown}
 u - 3 scrolls of identify
 y - a scroll of blinking {unknown}
Potions
 f - a potion of mutation
 g - a potion of might {unknown}
 j - 2 potions of magic
 k - 2 potions of agility
 n - a potion of degeneration
 o - 2 potions of curing {unknown}
 r - 2 potions of lignification
 w - a potion of berserk rage {unknown}
 x - a potion of cancellation {unknown}
Books
 a - a book of Maledictions

   Spells                             Type                      Level
   a - Corona                         Hexes                        1
   b - Ensorcelled Hibernation        Hexes/Ice                    2
   c - Confuse                        Hexes                        3
   d - Tukima's Dance                 Hexes                        3
   e - Dazzling Spray                 Conjuration/Hexes            3
Comestibles
 b - 11 rations


   Skills:
 - Level 2.7 Fighting
 + Level 4.0 Dodging
 - Level 9.2 Stealth
 - Level 3.3 Unarmed Combat
 - Level 3.2 Spellcasting
 - Level 7.0 Hexes
 - Level 3.2 Ice Magic


You had 6 spell levels left.
You knew the following spells:

 Your Spells              Type           Power        Failure   Level  Hunger
a - Corona                Hex            ####...      1%          1    None
b - Ensorcelled Hibernat  Hex/Ice        ###...       3%          2    ##.....
c - Confuse               Hex            ####....     2%          3    ###....


Dungeon Overview and Level Annotations

Branches:
Dungeon (7/15)             Temple (1/1) D:6

Altars:
Ashenzari
Cheibriados
Dithmenos
Elyvilon
Fedhas
Kikubaaqudgha
Makhleb
Qazlal
Ru
Trog
Vehumet
Xom
Zin
The Shining One

Annotations:
D:3 soepske's ghost, amateur DsFi
D:4 Goblin1989's ghost, amateur OpTm


Innate Abilities, Weirdness & Mutations

You cannot wear armour.
You are incapable of wielding weapons or throwing items.
Your paws allow you to move quietly. (Stealth)
You have sharp claws.
You have razor-sharp teeth.
You have supernaturally acute eyesight. (SInv)
You are carnivorous and can eat meat at any time.
You cover ground quickly.
You are covered in thick fur. (AC +2)
You have a slow metabolism.
Your sharp claws are effective at attacking unaware monsters.
You have a pair of small antennae on your head.
You are partially covered in thin metallic scales. (AC +2)
You are agile. (Dex +2)
You are resistant to electric shocks. (rElec)


Message History

The orc wizard casts a spell.
The orc wizard blinks!
The orc priest mumbles some strange prayers to Beogh against you.
Beogh smites you!
The orc priest casts a cantrip, but nothing happens.
The orc misses you.
The orc priest mumbles some strange prayers to Beogh against you.
Beogh smites you!
* * * LOW HITPOINT WARNING * * *
The orc shouts!
The orc wizard barely misses you. The orc wizard hits you with a dagger.
* * * LOW HITPOINT WARNING * * *
The orc wizard misses you.
The orc priest invokes the aid of Beogh against you.
Beogh smites you!
You die...
You are now level 7!
You rejoin the land of the living...
Are you sure you want to abandon this character and quit the game? (Confirm with "yes".)

...#####..#
#........ # ##.#
#........
####)#############
####...(......##
..............<##
##......).......#
#.......)......#
#..............#
#..@...........#
#..............#
##............##
##..........##
############


There were no monsters in sight!

Vanquished Creatures
  A troll (D:6)
  Eustachio (D:6)
  A sky beast (D:6)
  An ogre (D:4)
  Blork the orc (D:6)
  2 wights
  A howler monkey (D:5)
  A crimson imp (D:6)
  3 hounds
  A jelly (D:6)
  6 worker ants
  4 gnolls (D:4)
  5 adders
  A shadow imp (D:6)
  An ooze (D:1)
  3 worms
  6 dart slugs
  6 leopard geckos
  8 orcs
  4 bats
  7 giant cockroaches
  2 goblins (D:1)
  8 hobgoblins
  7 jackals
  4 kobolds
  7 frilled lizards
  9 rats
101 creatures vanquished.

Notes
Turn   | Place    | Note
-------+----------+-------------------------------------------
     0 | D:1      | inc the Felid Enchanter began the quest for the Orb.
     0 | D:1      | Reached XP level 1. HP: 7/7 MP: 4/4
    45 | D:1      | Reached skill level 1 in Fighting
   113 | D:1      | Reached XP level 2. HP: 12/13 MP: 3/6
   251 | D:1      | Learned a level 2 spell: Ensorcelled Hibernation
   508 | D:1      | Reached XP level 3. HP: 8/16 MP: 2/7
  1148 | D:2      | Gained mutation: You have a pair of small antennae on your head. [potion of mutation]
  1148 | D:2      | Gained mutation: You are agile. (Dex +2) [potion of mutation]
  1148 | D:2      | Gained mutation: You are resistant to electric shocks. (rElec) [potion of mutation]
  1148 | D:2      | Gained mutation: You are partially covered in thin metallic scales. (AC +2) [potion of mutation]
  1262 | D:2      | Reached XP level 4. HP: 19/20 MP: 3/8
  1626 | D:2      | Learned a level 3 spell: Confuse
  2001 | D:3      | Noticed soepske's ghost (amateur DsFi)
  2065 | D:3      | Found a burning altar of Makhleb.
  2714 | D:2      | Found a stormy altar of Qazlal.
  3014 | D:4      | Reached XP level 5. HP: 20/23 MP: 0/9
  3322 | D:4      | Noticed an ogre
  3338 | D:4      | Killed an ogre
  3338 | D:4      | Reached skill level 5 in Hexes
  3338 | D:4      | Reached skill level 1 in Ice Magic
  3469 | D:4      | Noticed Goblin1989's ghost (amateur OpTm)
  3671 | D:4      | Found a glowing golden altar of the Shining One.
  3747 | D:4      | Gained mutation: You are covered in thick fur. (AC +2) [Felid growth]
  3747 | D:4      | Reached XP level 6. HP: 27/27 MP: 10/10
  3957 | D:5      | Entered Level 5 of the Dungeon
  4259 | D:5      | Noticed a moth of wrath
  4262 | D:5      | Found a bloodstained altar of Trog.
  4522 | D:5      | Found a burning altar of Makhleb.
  4820 | D:6      | Found a blossoming altar of Fedhas.
  4822 | D:6      | Noticed Blork the orc
  4824 | D:6      | Killed Blork the orc
  4825 | D:6      | Found a staircase to the Ecumenical Temple.
  4846 | D:6      | Reached XP level 7. HP: 30/30 MP: 3/11
  4892 | Temple   | Entered the Ecumenical Temple
  4966 | Temple   | Became a worshipper of Dithmenos the Shadowed
  5096 | D:6      | Reached skill level 5 in Stealth
  5140 | D:6      | Noticed Eustachio
  5151 | D:6      | Killed Eustachio
  5151 | D:6      | Reached skill level 7 in Stealth
  5585 | D:6      | Noticed a troll
  5605 | D:6      | Killed a troll
  5605 | D:6      | Reached skill level 9 in Stealth
  5605 | D:6      | Reached XP level 8. HP: 14/34 MP: 2/13
  6099 | D:7      | Found a glowing silver altar of Zin.
  6127 | D:7      | Killed from afar by an orc priest
  6128 | D:7      | Reached XP level 7. HP: -10/30 MP: 12/12
  6128 | D:7      | Quit the game

Skill      XL: |  1  2  3  4  5  6  7  8 |
---------------+-------------------------+-----
Fighting       | 1 2 |  2.7
Unarmed Combat | 2 3 |  3.3
Hexes          | 5 7 |  7.0
Ice Magic      | 2 3 |  3.2
Spellcasting   | 3 |  3.2
Stealth        | 9 |  9.2
Dodging        | 4 |  4.0

Action                   |  1- 3 |  4- 6 |  7- 9 || total
-------------------------+-------+-------+-------++-------
Melee: Unarmed           |    83 |   108 |    66 ||   257
       Bite              |     3 |     6 |     5 ||    14
       Punch             |     1 |     1 |       ||     2
 Cast: Corona            |     7 |       |       ||     7
       Ensorcelled Hiber |    12 |    47 |    20 ||    79
       Confuse           |       |    11 |     9 ||    20
  Use: Potion            |     3 |       |       ||     3
       Scroll            |       |     4 |       ||     4
 Stab: Sleeping          |    21 |    40 |    15 ||    76
       Confused          |       |     1 |     5 ||     6
  Eat: Chunk             |     9 |     8 |     6 ||    23
Armor: Skin              |     3 |    11 |     8 ||    22
Dodge: Dodged            |    56 |    67 |    63 ||   186
